 Dungeon Crawl Stone Soup version 0.24.0-125-gc4c63601f3 (webtiles) character file.

Game seed: 16081715643013704100, levelgen mode: deterministic

238 Martska the Skirmisher (level 5, -8/43 HPs)
             Began as a Demonspawn Fighter on Feb 27, 2020.
             Mangled by an ogre
             ... wielding a +0 giant club
              (17 damage)
             ... on level 4 of the Dungeon.
             The game lasted 00:06:05 (2009 turns).

Martska the Skirmisher (Demonspawn Fighter)         Turns: 2009, Time: 00:06:06

Health: -8/43      AC: 13    Str: 17    XL:     5   Next: 78%
Magic:  5/5        EV:  2    Int:  9    God:
Gold:   126        SH:  9    Dex: 13    Spells: 4/4 levels left

rFire    + + .     SeeInvis .     - Unarmed
rCold    x . .     Gourm    .   b - +0 shield
rNeg     . . .     Faith    .   j - +1 plate armour
rPois    .         Spirit   .   (no helmet)
rElec    .         Reflect  .   (no cloak)
rCorr    .         Harm     .   (no gloves)
MR       .....                  w - +0 pair of boots
Stlth    ..........             g - amulet of regeneration
HPRegen  0.54/turn              q - ring of fire
MPRegen  0.09/turn              (no ring)

@: no status effects
A: claws 1, fire resistance 1
a: no special abilities


You were on level 4 of the Dungeon.
You were not hungry.

You visited 1 branch of the dungeon, and saw 4 of its levels.

You collected 126 gold pieces.

Inventory:

Hand Weapons
 l - a +3 dagger of freezing
 m - a +1 mace of holy wrath
Armour
 a - a +0 scale mail
 b - a +0 shield (worn)
 j - a +1 plate armour (worn)
 w - a +0 pair of boots (worn)
Jewellery
 g - an amulet of regeneration (around neck)
 q - a ring of fire (left claw)
 s - an uncursed amulet of guardian spirit {unknown}
Wands
 c - a wand of flame (7)
Scrolls
 f - a scroll of remove curse
 n - 3 scrolls of identify {unknown}
Potions
 e - 2 potions of magic {unknown}
 k - 2 potions of degeneration {unknown}
 r - a potion of haste {unknown}
 t - a potion of ambrosia {unknown}
 u - a potion of heal wounds {unknown}
Comestibles
 d - 4 rations


   Skills:
 * Level 4.4 Fighting
 + Level 3.4 Armour
 + Level 3.4 Shields
 * Level 3.4 Unarmed Combat
 + Level 0.0 Evocations


You had 4 spell levels left.
You didn't know any spells.
Your spell library contained the following spells:

 Spells                   Type           Power        Failure   Level  Hunger
 Corona                   Hex            #......      100%        1    ##.....
 Ensorcelled Hibernation  Hex/Ice        #.....       100%        2    ###....
 Confuse                  Hex            #.......     100%        3    ####...
 Dazzling Spray           Conj/Hex       #.....       100%        3    ####...
 Tukima's Dance           Hex            #.......     100%        3    ####...


Dungeon Overview and Level Annotations

Branches:
Dungeon (4/15)
 Temple: D:4-7

Altars:

Annotations:
D:2 Sigmund


Innate Abilities, Weirdness & Mutations

You have sharp fingernails.
Your flesh is heat resistant. (rF+)


Message History

You feel as if something is helping you.
It was a scroll of remove curse.
You feel sick. You block the ogre's attack.
As you read the scroll labeled EFA VEOVUEVOOH, it crumbles to dust.
You feel aware of your surroundings.
It was a scroll of magic mapping.
You block the ogre's attack.
As you read the scroll labeled GAGRINOESM, it crumbles to dust.
It is a scroll of enchant weapon.
Your +2 dagger of freezing glows red for a moment.
The ogre hits you with a +0 giant club!!
* * * LOW HITPOINT WARNING * * *
As you read the scroll labeled BAPUOTI JEUVEMP, it crumbles to dust.
You experience a momentary feeling of inescapable doom!
It was a scroll of random uselessness.
As you read the scroll labeled MIUTWAIPNAU, it crumbles to dust.
It is a scroll of enchant armour.
Your +0 plate armour glows green for a moment.
You feel sick.
You are no longer poisoned.
The ogre hits you with a +0 giant club!
You die...

...................###******
......................,,,,,*
......................,,,***
...................#,,..,*
................####....,*
..........####..........,*
................S###...,,*
..###..........#O# *,,,,,*
..##..O#######.#@# *,,,,,*
*###..<# #.W.#**,,,,,*
**#...## #....**,,,,,*
......** ####..,,,****
......,** *###*,*
......,,******** *,********
......,,,,,,,,,******,,,,,,,,*
......,,******,,,,,,,,,,,,,,,*
......,,* **********,,,,,,*


You could see a phantom, an ogre and an adder.

Vanquished Creatures
  Ijyb (D:4)
  Terence (D:2)
  An iguana (D:4)
  A worker ant (D:3)
  3 gnolls (D:2)
  4 adders
  2 oozes
  A worm (D:2)
  2 dart slugs
  2 leopard geckos (D:2)
  An orc (D:3)
  5 bats
  A giant cockroach (D:2)
  4 goblins
  9 hobgoblins
  6 jackals
  2 ball pythons (D:1)
  2 frilled lizards
  6 kobolds
  7 rats
61 creatures vanquished.

Notes
Turn   | Place    | Note
-------+----------+-------------------------------------------
     0 | D:1      | Martska the Demonspawn Fighter began the quest for the Orb.
     0 | D:1      | Reached XP level 1. HP: 18/18 MP: 1/1
    42 | D:1      | Gained mutation: You have sharp fingernails. [demonic
                  | ancestry]
    42 | D:1      | Reached XP level 2. HP: 20/24 MP: 2/2
   408 | D:1      | Gained mutation: Your flesh is heat resistant. (rF+)
                  | [demonic ancestry]
   408 | D:1      | Reached XP level 3. HP: 29/29 MP: 3/3
   687 | D:2      | Noticed Terence
   699 | D:2      | Killed Terence
   818 | D:2      | Reached XP level 4. HP: 37/37 MP: 4/4
   967 | D:2      | Reached skill level 4 in Fighting
  1174 | D:2      | Noticed Sigmund
  1253 | D:3      | Reached XP level 5. HP: 40/42 MP: 5/5
  1610 | D:4      | Noticed a phantom
  1914 | D:4      | Noticed Ijyb
  1917 | D:4      | Paralysed by Ijyb for 6 turns
  1925 | D:4      | Paralysed by Ijyb for 6 turns
  1936 | D:4      | Paralysed by Ijyb for 4 turns
  1954 | D:4      | Killed Ijyb
  1964 | D:4      | Noticed an ogre
  2009 | D:4      | Mangled by an ogre

Levels and vault maps discovered:
D:1:      onia_arrival_handbag, layout_loops_ring
D:2:      layout_basic, uniq_terence, uniq_sigmund
D:3:      layout_rooms, minmay_misc_feat_nine_boxes
D:4:      layout_rooms, uniq_ijyb

Skill      XL: |  1  2  3  4 |
---------------+-------------+-----
Unarmed Combat | 2 3 |  3.4
Armour         | 3 |  3.4
Shields        | 3 |  3.4
Fighting       | 4 |  4.4

Action                   |  1- 3 |  4- 6 || total
-------------------------+-------+-------++-------
Melee: Unarmed           |   105 |   184 ||   289
Evoke: Wand              |       |     1 ||     1
  Use: Potion            |     1 |     2 ||     3
       Scroll            |       |     5 ||     5
  Eat: Chunk             |       |     3 ||     3
       Ration            |       |     1 ||     1
Armor: Scale mail        |    72 |    63 ||   135
       Plate armour      |       |    24 ||    24
Dodge: Dodged            |    27 |    49 ||    76
Block: Shield            |    48 |    97 ||   145
